 Dungeon Crawl Stone Soup version 0.26-a0-58-g79b31b8662 (webtiles) character file.

Game seed: 15390302735475124403

1722 MarredHen the Stinger (level 9, -2/65 HPs)
             Began as a Gnoll Venom Mage on June 7, 2020.
             Slain by a cyan ugly thing (15 damage)
             ... on level 5 of the Dungeon.
             The game lasted 00:16:55 (7580 turns).

MarredHen the Stinger (Gnoll Venom Mage)            Turns: 7580, Time: 00:16:56

Health: -2/65      AC: 10    Str: 12    XL:     9   Next: 4%
Magic:  13/18      EV: 15    Int: 23    God:
Gold:   135        SH:  0    Dex: 16    Spells: 17/20 levels left

rFire    + . .     SeeInvis .   s - +2 mace (protect)
rCold    . . .     Gourm    .   (no shield)
rNeg     . . .     Faith    +   y - +0 leather armour of Kitum {Int+4}
rPois    .         Spirit   .   n - +2 helmet
rElec    .         Reflect  .   j - +0 cloak
rCorr    .         Harm     .   v - +1 pair of gloves
MR       .....                  (no boots)
Stlth    +++.......             t - amulet of faith
HPRegen  0.20/turn              i - ring of protection from fire
MPRegen  0.16/turn              a - ring of wizardry

@: no status effects
A: distributed training, fangs 1, strong nose
a: no special abilities


You were on level 5 of the Dungeon.
You were not hungry.

You visited 1 branch of the dungeon, and saw 6 of its levels.
You also visited: Sewer.

You collected 317 gold pieces.
You spent 182 gold pieces at shops.

Inventory:

Hand Weapons
 o - a +0 shortbow
 s - a +2 mace of protection (weapon)
Missiles
 p - 123 arrows
Armour
 j - a +0 cloak (worn)
 n - a +2 helmet (worn)
 v - a +1 pair of gloves (worn)
 y - the +0 leather armour of Kitum (worn) {Int+4}
   (You bought it in a shop on level 5 of the Dungeon)

   It affects your intelligence (+4).
Jewellery
 a - a ring of wizardry (right hand)
 i - a ring of protection from fire (left hand)
 t - an amulet of faith (around neck)
 z - an uncursed amulet of magic regeneration {unknown}
Wands
 m - a wand of digging (6)
 A - a wand of acid (4)
Scrolls
 e - a scroll of amnesia
 f - 3 scrolls of remove curse
 k - 2 scrolls of enchant armour
 u - a scroll of teleportation
 w - a scroll of fear
Potions
 b - 4 potions of curing
 d - 4 potions of stabbing
 g - a potion of resistance
 h - a potion of heal wounds
 l - a potion of berserk rage {unknown}
 q - a potion of brilliance {unknown}
 r - 2 potions of flight
 x - a potion of might {unknown}
Comestibles
 c - 7 rations


   Skills:
 + Level 3.7 Fighting
 + Level 3.7 Short Blades
 + Level 3.7 Long Blades
 + Level 3.7 Axes
 + Level 3.7 Maces & Flails
 + Level 3.7 Polearms
 + Level 3.7 Staves
 + Level 3.7 Slings
 + Level 3.7 Bows
 + Level 3.7 Crossbows
 + Level 3.7 Throwing
 + Level 3.7 Armour
 + Level 6.0 Dodging
 + Level 5.7 Stealth
 + Level 3.7 Shields
 + Level 3.7 Unarmed Combat
 + Level 6.3 Spellcasting
 + Level 3.1 Conjurations
 + Level 3.1 Hexes
 + Level 3.1 Charms
 + Level 3.1 Summonings
 + Level 3.1 Necromancy
 + Level 3.1 Translocations
 + Level 3.8 Transmutations
 + Level 3.1 Fire Magic
 + Level 3.1 Ice Magic
 + Level 3.1 Air Magic
 + Level 3.1 Earth Magic
 + Level 6.3 Poison Magic
 + Level 4.1 Invocations
 + Level 3.7 Evocations


You had 17 spell levels left.
You knew the following spells:

 Your Spells              Type           Power        Failure   Level  Hunger
a - Sting                 Tmut/Pois      ####         1%          1    None
b - Poisonous Vapours     Pois/Air       ####..       1%          2    None

Your spell library contained the following spells:

 Spells                   Type           Power        Failure   Level  Hunger
 Ignite Poison            Fire/Tmut/Pois ####....     1%          3    #......
 Mephitic Cloud           Conj/Pois/Air  ####....     2%          3    #......
 Confusing Touch          Hex            ###.....     3%          3    #......
 Gell's Gravitas          Tloc           ###.......   3%          3    #......
 Olgreb's Toxic Radiance  Pois           #####...     3%          4    ###....
 Petrify                  Tmut/Erth      ###.....     11%         4    ###....
 Yara's Violent Unravell  Hex/Tmut       ###.......   26%         5    #####..
 Metabolic Englaciation   Hex/Ice        ###.......   32%         5    #####..


Dungeon Overview and Level Annotations

Branches:
Dungeon (6/15)              Sewer (visited)
 Temple: D:4-7

Altars:
The Shining One

Shops:
D:4 :   D:5 (*


Innate Abilities, Weirdness & Mutations

Your experience applies equally to all skills.
You have very sharp teeth.
Your uncanny sense of smell can sniff out nearby items.


Message History

* * * LOW HITPOINT WARNING * * *
Casting: Poisonous Vapours (safe; 1% risk of failure)
Confirm with . or Enter, or press ? or * to list all spells.
Aiming: Poisonous Vapours (safe; 1% risk of failure)
Press: ? - help, Dir - move target cursor, f - cyan ugly thing
Aim: a cyan ugly thing (heavily wounded, poisoned)
Okay, then.
You feel much better.
The cyan ugly thing completely misses you.
There is an open door here.
The cyan ugly thing barely misses you.
The cyan ugly thing looks more healthy.
The cyan ugly thing kicks you but does no damage.
The cyan ugly thing kicks you but does no damage.
The cyan ugly thing kicks you! The cyan ugly thing shocks you!
* * * LOW HITPOINT WARNING * * *
The cyan ugly thing kicks you.
* * * LOW HITPOINT WARNING * * *
The cyan ugly thing shocks you!
You die...

##########.## #....# #.#
#############....# #.#
#................# ###
#..∩.............# ###
#................# ##.##
#................# #._.#
##.......[...#####
######.#######u###########
#### #...........##@# #...
##....#....###.#
#########.P.
##..###..####.#
#..........∩
##..#..####..##
#.........PP #####.#.##
#....# #...........
#.###.#.# ####.#
#........... #..##.#.# #.#
#........... #..##.#.# #.#
#........... #..##...# #.#
#.......###'


You could see a cyan ugly thing.

Vanquished Creatures
  Pikel (D:5)
  A black bear (D:3)
  4 centaurs
  An ogre (D:4)
  A big kobold (Sewer)
  A scorpion (D:4)
  2 howler monkeys
  A crimson imp (D:4)
  An orc priest (D:3)
  4 hounds
  Ijyb (D:3)
  Terence (D:1)
  Natasha (thrice) (D:2)
  2 worker ants (D:4)
  Robin (D:2)
  A gnoll (D:4)
  A river rat (Sewer)
  9 adders
  2 oozes
  9 worms
  4 dart slugs (D:1)
  2 leopard geckos
  9 orcs
  7 bats
  3 giant cockroaches
  14 goblins
  12 hobgoblins
  6 jackals
  3 quokkas
  2 ball pythons (Sewer)
  8 frilled lizards
  11 kobolds
  A leopard gecko zombie (D:5)
  4 rats
133 creatures vanquished.

Notes
Turn   | Place    | Note
-------+----------+-------------------------------------------
     0 | D:1      | MarredHen the Gnoll Venom Mage began the quest for the Orb.
     0 | D:1      | Reached XP level 1. HP: 13/13 MP: 6/6
   250 | D:1      | Reached XP level 2. HP: 19/19 MP: 4/7
   684 | D:1      | Reached XP level 3. HP: 25/25 MP: 6/9
   840 | D:1      | Reached skill level 5 in Spellcasting
  1111 | D:2      | Noticed Natasha
  1116 | D:2      | Reached skill level 1 in Invocations
  1122 | D:2      | Killed Natasha
  1122 | D:2      | Reached skill level 1 in Fighting
  1122 | D:2      | Reached skill level 1 in Short Blades
  1122 | D:2      | Reached skill level 1 in Long Blades
  1122 | D:2      | Reached skill level 1 in Axes
  1122 | D:2      | Reached skill level 1 in Maces & Flails
  1122 | D:2      | Reached skill level 1 in Polearms
  1122 | D:2      | Reached skill level 1 in Staves
  1122 | D:2      | Reached skill level 1 in Slings
  1122 | D:2      | Reached skill level 1 in Bows
  1122 | D:2      | Reached skill level 1 in Crossbows
  1122 | D:2      | Reached skill level 1 in Throwing
  1122 | D:2      | Reached skill level 1 in Armour
  1122 | D:2      | Reached skill level 1 in Shields
  1122 | D:2      | Reached skill level 1 in Unarmed Combat
  1122 | D:2      | Reached skill level 1 in Evocations
  1122 | D:2      | Reached XP level 4. HP: 9/32 MP: 0/11
  1132 | D:2      | HP: 1/32 [jackal (3)]
  1672 | D:2      | Noticed Robin
  1681 | D:2      | Noticed Terence
  1682 | D:2      | Noticed Natasha
  1712 | D:1      | HP: 1/32 [goblin/+0 club[Robin] (4)]
  2028 | D:2      | Reached skill level 1 in Conjurations
  2028 | D:2      | Reached skill level 1 in Hexes
  2028 | D:2      | Reached skill level 1 in Charms
  2028 | D:2      | Reached skill level 1 in Summonings
  2028 | D:2      | Reached skill level 1 in Necromancy
  2028 | D:2      | Reached skill level 1 in Translocations
  2028 | D:2      | Reached skill level 1 in Fire Magic
  2028 | D:2      | Reached skill level 1 in Ice Magic
  2028 | D:2      | Reached skill level 1 in Air Magic
  2028 | D:2      | Reached skill level 1 in Earth Magic
  2068 | D:1      | Killed Terence
  2068 | D:1      | Reached XP level 5. HP: 5/37 MP: 2/12
  2517 | D:2      | Killed Robin
  3038 | D:2      | Killed Natasha
  3200 | D:2      | Noticed Natasha
  3205 | D:2      | Killed Natasha
  3269 | D:3      | Noticed Ijyb
  3281 | D:3      | Killed Ijyb
  3281 | D:3      | Reached XP level 6. HP: 32/44 MP: 6/13
  3323 | D:3      | Noticed a black bear
  3363 | D:3      | Killed a black bear
  3363 | D:3      | Reached skill level 5 in Dodging
  3786 | D:3      | Reached XP level 7. HP: 33/50 MP: 9/15
  4425 | D:4      | Learned a level 2 spell: Poisonous Vapours
  4865 | D:4      | Reached skill level 5 in Stealth
  5176 | D:4      | Reached XP level 8. HP: 55/57 MP: 8/16
  5601 | D:4      | Found Jicwiol's Book Shop.
  5665 | D:5      | Entered Level 5 of the Dungeon
  5839 | D:5      | Found a glowing drain.
  5850 | Sewer    | Entered a sewer
  6683 | D:5      | Found Rorem's Weapon Emporium.
  6729 | D:5      | Found Zurul's Assorted Antiques.
  6745 | D:5      | Bought an encrusted leather armour for 182 gold pieces
  6755 | D:5      | Identified the +0 leather armour of Kitum {Int+4} (You
                  | bought it in a shop on level 5 of the Dungeon)
  6867 | D:5      | Found a glowing golden altar of the Shining One.
  7017 | D:5      | Found Hialeggy's Antique Armour Emporium.
  7167 | D:5      | Noticed Pikel
  7172 | D:5      | Killed Pikel
  7172 | D:5      | Reached XP level 9. HP: 64/65 MP: 7/18
  7517 | D:6      | Noticed a cyan ugly thing
  7580 | D:5      | Slain by a cyan ugly thing

Illustrated notes

Levels and vault maps discovered:
D:1:      nicolae_arrival_memento_mori, layout_loops_ring
D:2:      layout_loops_cross, first_ration, uniq_robin, uniq_natasha,
          uniq_terence
D:3:      layout_rooms, uniq_ijyb
D:4:      cheibrodos_barr_body, layout_basic, serial_shops, shop
D:5:      layout_basic, nicolae_tso_swordbearing_angel, serial_shops, shop,
          nicolae_shop_overgrown_old_shop, shop, portal_sewer_entry_d,
          uniq_pikel
D:6:      layout_gridville, ebering_ghost_reflecting_pool

Skill      XL: |  1  2  3  4  5  6  7  8 |
---------------+-------------------------+-----
Transmutations | 2 3 |  3.8
Spellcasting   | 5 6 |  6.3
Invocations    | 1 2 3 4 |  4.1
Fighting       | 1 2 3 |  3.7
Short Blades   | 1 2 3 |  3.7
Long Blades    | 1 2 3 |  3.7
Axes           | 1 2 3 |  3.7
Maces & Flails | 1 2 3 |  3.7
Polearms       | 1 2 3 |  3.7
Staves         | 1 2 3 |  3.7
Slings         | 1 2 3 |  3.7
Bows           | 1 2 3 |  3.7
Crossbows      | 1 2 3 |  3.7
Throwing       | 1 2 3 |  3.7
Armour         | 1 2 3 |  3.7
Shields        | 1 2 3 |  3.7
Unarmed Combat | 1 2 3 |  3.7
Evocations     | 1 2 3 |  3.7
Conjurations   | 1 2 3 |  3.1
Hexes          | 1 2 3 |  3.1
Charms         | 1 2 3 |  3.1
Summonings     | 1 2 3 |  3.1
Necromancy     | 1 2 3 |  3.1
Translocations | 1 2 3 |  3.1
Fire Magic     | 1 2 3 |  3.1
Ice Magic      | 1 2 3 |  3.1
Air Magic      | 1 2 3 |  3.1
Earth Magic    | 1 2 3 |  3.1
Dodging        | 5 6 |  6.0
Stealth        | 5 |  5.7
Poison Magic   | 6 |  6.3

Action                   |  1- 3 |  4- 6 |  7- 9 || total
-------------------------+-------+-------+-------++-------
Melee: Unarmed           |    14 |    13 |       ||    27
       Bite              |     3 |     5 |    12 ||    20
       Dagger            |       |    30 |    35 ||    65
       Mace              |       |       |    55 ||    55
       Punch             |       |       |     1 ||     1
 Cast: Sting             |    44 |   128 |    26 ||   198
       Poisonous Vapours |       |       |   104 ||   104
  Use: Scroll            |     2 |     3 |     7 ||    12
       Potion            |       |     1 |     3 ||     4
  Eat: Chunk             |       |     5 |     2 ||     7
       Ration            |       |     1 |     3 ||     4
Armor: Robe              |     2 |       |       ||     2
       Animal skin       |       |    24 |    37 ||    61
       Leather armour    |       |       |     8 ||     8
Dodge: Dodged            |    19 |   115 |    80 ||   214

Table legend:
 A = Non-vault XP
 B = Vault XP
 C = Vault XP percentage of total XP
 D = Non-vault monster count
 E = Vault monster count
 F = Vault count percentage of total count
                 A         B        C        D         E       F
            +---------+---------+-------+---------+---------+-------
      Total |    1231 |    1229 |  50.0 |      92 |      41 |  30.8
            +---------+---------+-------+---------+---------+-------
        D:1 |      38 |      38 |  50.0 |      17 |       2 |  10.5
        D:2 |     162 |      70 |  30.2 |      31 |      12 |  27.9
        D:3 |     352 |      36 |   9.3 |      24 |       1 |   4.0
        D:4 |     317 |     286 |  47.4 |      11 |       8 |  42.1
        D:5 |     317 |     607 |  65.7 |       8 |       2 |  20.0
        D:6 |      45 |       0 |   0.0 |       1 |       0 |   0.0
      Sewer |       0 |     192 | 100.0 |       0 |      16 | 100.0
            +---------+---------+-------+---------+---------+-------
